 Dungeon Crawl Stone Soup version 0.19.5 (webtiles) character file.

1470 SedStubbie the Skirmisher (level 8, -2/60 HPs)
             Began as an Octopode Gladiator on Apr 15, 2017.
             Slain by a wight
             ... wielding a cursed +6 falchion of freezing
              (3 damage)
             ... on level 6 of the Dungeon.
             The game lasted 00:23:58 (6588 turns).

SedStubbie the Skirmisher (Octopode Gladiator)      Turns: 6588, Time: 00:23:59

Health: -2/60      AC:  2    Str: 16    XL:     8   Next: 78%
Magic:  8/8        EV: 15    Int:  9    God:
Gold:   253        SH:  0    Dex: 12    Spells: 0 memorised, 7 levels left

rFire  . . .     SeeInvis .     a - +0 quarterstaff
rCold  . . .     Gourm    .     (shield currently unavailable)
rNeg   + . .     Faith    .     b - +1 hat
rPois  .         Spirit   .     (no amulet)
rElec  .         Reflect  .     e - ring of positive energy
rCorr  .         Harm     .     w - +1 ring of slaying
MR     .....                    D - ring of wizardry
Stlth  ++++......               B - ring of wizardry
                                (no ring)
                                (no ring)
                                (no ring)
                                (no ring)

@: drained
A: almost no armour, stealthy swim, amphibious, 8 rings, constrict 8, camouflage
1, dopey 1, regeneration 1, gelatinous body 1, MP-powered wands
a: no special abilities


You were on level 6 of the Dungeon.
You were near starving.

You visited 1 branch of the dungeon, and saw 6 of its levels.

You collected 253 gold pieces.

Inventory:

Hand Weapons
 a - a +0 quarterstaff (weapon)
 q - the +2 mace "Ruodoon" {drain, rPois Str-3 Int-3 Dex+8}
   (You took it off an orc warrior on level 6 of the Dungeon)

   A truly terrible weapon, it drains the life of those it strikes.
   It affects your strength (-3).
   It affects your intelligence (-3).
   It affects your dexterity (+8).
   It protects you from poison.
 C - the cursed +1 dagger of Watchfulness {antimagic, rPois Str+3, unknown}
   (You took it off a centaur on level 5 of the Dungeon)

   It reduces the magical energy of the wielder, and disrupts the spells and
   magical abilities of those hit.
   Natural abilities and divine invocations are not affected.
   It affects your strength (+3).
   It protects you from poison.
   It has a curse placed upon it.
Missiles
 c - 2 throwing nets (quivered)
 y - 3 javelins
Armour
 b - a +1 hat (worn)
 A - a +0 buckler
Jewellery
 e - a ring of positive energy (left tentacle)
 w - a +1 ring of slaying (right tentacle)
 B - a ring of wizardry (on tentacle)
 D - a ring of wizardry (on tentacle)
Wands
 t - a wand of iceblast (0/15)
 z - a wand of confusion (38/48)
Scrolls
 h - 2 scrolls of identify
 i - 2 scrolls of magic mapping
 k - 6 scrolls of remove curse
 p - a scroll of teleportation
 r - 3 scrolls of amnesia
Potions
 g - a potion of mutation
 j - a potion of heal wounds {unknown}
 l - a potion of curing
 m - 2 potions of lignification {unknown}
 n - a potion of ambrosia {unknown}
 o - 2 potions of berserk rage
 E - a potion of might {unknown}
Comestibles
 d - 3 bread rations
 f - 2 beef jerkies
 s - 3 meat rations


   Skills:
 * Level 7.0(6.6) Fighting
 + Level 5.8(5.4) Staves
 - Level 2.0(1.6) Throwing
 + Level 5.2(4.9) Dodging
 + Level 6.4(6.1) Stealth


You had 7 spell levels left.
You didn't know any spells.

Dungeon Overview and Level Annotations

Branches:
Dungeon (6/15)
 Temple: D:4-7

Altars:
Cheibriados
Dithmenos
Nemelex Xobeh
Okawaru
Zin
The Shining One

Annotations:
D:4 abbott299's ghost, novice GrFi


Innate Abilities, Weirdness & Mutations

You cannot wear most types of armour.
You are very stealthy in the water. (Stealth+)
You are amphibious.
You can wear up to eight rings at the same time.
You can use your tentacles to constrict eight enemies at once.
Your skin changes colour to match your surroundings (Stealth+).
Your rubbery body absorbs attacks. (AC +1, EV +1)
You are dopey. (Int -2)
Your natural rate of healing is unusually fast.
You expend magic power (3 MP) to strengthen your wands.


Message History

You partially resist.
You feel drained. The wight freezes you!
* * * LOW HITPOINT WARNING * * *
The ice beast hits you but does no damage.
The ice beast hits you.
* * * LOW HITPOINT WARNING * * *
The ice beast freezes you!
* * * LOW HITPOINT WARNING * * *
You see here a black bear corpse.
It was a potion of mutation.
You feel extremely strange.
You feel your magical essence link to your wands.
You feel stupid.
You begin to heal more quickly.
The wight barely misses you.
Okay, then.
You feel better.
The wight hits you with a falchion of freezing!
* * * LOW HITPOINT WARNING * * *
You partially resist.
You feel drained.
* * * LOW HITPOINT WARNING * * *
The wight freezes you.
You die...

########### #....z..)[#
#.#######.# #.#<....#@#
...
######)#####.#z######...
...............z)........
............)†...........
.........................
..........)..............
........................#
........................#
........................#


You could see 2 wights.

Vanquished Creatures
  Grinder (D:3)
  An ice beast (D:5)
  An orc warrior (D:6)
  A black bear (D:6)
  3 centaurs (D:5)
  The ghost of SedStubbie the Vexing, an amateur SpAM of Okawaru (D:3)
  Blork the orc (D:4)
  2 bullfrogs (D:6)
  A scorpion (D:5)
  A wight (D:6)
  A howler monkey (D:5)
  A crimson imp (D:5)
  A hound (D:5)
  2 orc wizards
  3 worker ants
  Natasha (D:2)
  A hound zombie (D:5)
  7 adders
  A gnoll (D:5)
  2 oozes
  An adder skeleton (D:5)
  2 worms (D:2)
  2 dart slugs
  A leopard gecko (D:3)
  11 orcs
  3 bats
  A giant cockroach (D:4)
  9 goblins
  8 hobgoblins
  7 jackals (D:1)
  11 kobolds
  3 quokkas
  3 ball pythons
  7 frilled lizards
  A quokka zombie (D:5)
  7 rats
110 creatures vanquished.

Notes
Turn   | Place    | Note
-------+----------+-------------------------------------------
     0 | D:1      | SedStubbie the Octopode Gladiator began the quest for the Orb.
     0 | D:1      | Reached XP level 1. HP: 14/14 MP: 1/1
   159 | D:1      | Reached skill level 1 in Stealth
   159 | D:1      | Reached XP level 2. HP: 19/19 MP: 2/2
   318 | D:1      | Reached XP level 3. HP: 7/25 MP: 3/3
  1346 | D:2      | Reached skill level 3 in Fighting
  1397 | D:2      | Noticed Natasha
  1404 | D:2      | Killed Natasha
  1404 | D:2      | Reached XP level 4. HP: 13/31 MP: 4/4
  2107 | D:3      | Found a glowing silver altar of Zin.
  2109 | D:3      | Noticed SedStubbie's ghost (amateur SpAM)
  2409 | D:3      | Killed SedStubbie's ghost
  2409 | D:3      | Reached XP level 5. HP: 16/37 MP: 5/5
  2588 | D:3      | Found a snail-covered altar of Cheibriados.
  2938 | D:3      | Noticed Grinder
  2948 | D:3      | Killed Grinder
  2948 | D:3      | Reached skill level 4 in Fighting
  2948 | D:3      | Reached XP level 6. HP: 29/44 MP: 6/6
  3380 | D:4      | Noticed Blork the orc
  3382 | D:4      | Found a shadowy altar of Dithmenos.
  3396 | D:4      | Killed Blork the orc
  3396 | D:4      | Reached XP level 7. HP: 27/49 MP: 7/7
  3550 | D:4      | Noticed abbott299's ghost (novice GrFi)
  3779 | D:4      | Found a sparkling altar of Nemelex Xobeh.
  4137 | D:5      | Entered Level 5 of the Dungeon
  4291 | D:5      | Reached skill level 5 in Fighting
  4973 | D:5      | Reached skill level 5 in Staves
  4976 | D:5      | Got a jewelled dagger {antimagic}
  5177 | D:5      | Found a glowing golden altar of the Shining One.
  5194 | D:5      | Reached skill level 5 in Stealth
  5509 | D:5      | Reached XP level 8. HP: 26/57 MP: 8/8
  5696 | D:5      | Found an iron altar of Okawaru.
  6070 | D:5      | Reached skill level 6 in Fighting
  6471 | D:6      | Reached skill level 5 in Dodging
  6499 | D:6      | Got an encrusted mace {drain}
  6522 | D:6      | Identified the +2 mace "Ruodoon" {drain, rPois Str-3 Int-3 Dex+8} (You took it off an orc warrior on level 6 of the Dungeon)
  6563 | D:6      | Reached skill level 7 in Fighting
  6584 | D:6      | HP: 2/60 [ice beast (7)]
  6587 | D:6      | Gained mutation: You expend magic power (3 MP) to strengthen your wands. [potion of mutation]
  6587 | D:6      | Gained mutation: You are dopey. (Int -2) [potion of mutation]
  6587 | D:6      | Gained mutation: Your natural rate of healing is unusually fast. [potion of mutation]
  6588 | D:6      | Slain by a wight

Skill      XL: |  1  2  3  4  5  6  7  8 |
---------------+-------------------------+-----
Stealth        | 1 2 3 5 6 |  6.4
Fighting       | 3 4 5 7 |  7.0
Staves         | 4 5 |  5.8
Dodging        | 4 5 |  5.2
Throwing       | |  2.0

Action                   |  1- 3 |  4- 6 |  7- 9 || total
-------------------------+-------+-------+-------++-------
Melee: Quarterstaff      |    56 |    78 |   113 ||   247
       Tentacles         |     9 |     9 |    22 ||    40
       Constrict         |    15 |    14 |    22 ||    51
Throw: Throwing net      |       |       |     2 ||     2
Evoke: Wand              |       |     1 |       ||     1
  Use: Potion            |       |     2 |     4 ||     6
       Scroll            |       |       |    10 ||    10
 Stab: Sleeping          |     2 |     6 |     7 ||    15
  Eat: Chunk             |     1 |     2 |     4 ||     7
       Bread ration      |       |     1 |     1 ||     2
       Fruit             |       |     1 |       ||     1
Armor: Skin              |     4 |     1 |     6 ||    11
Dodge: Dodged            |    34 |    44 |    81 ||   159
